 Dungeon Crawl Stone Soup version 0.30-a0-859-gf88a04b62d (webtiles) character file.

Game seed: 17363128847866395421

95 juan097 the Sneak (level 4, -2/29 HPs)
             Began as an Octopode Brigand on Mar 6, 2023.
             Splashed by a jelly's acid (9 damage)
             ... in a sewer.
             The game lasted 00:06:38 (1823 turns).

juan097 the Sneak (Octopode Brigand)                Turns: 1823, Time: 00:06:38

Health: -2/29      AC: -3    Str: 10    XL:     4   Next: 66%
Magic:  4/4        EV: 13    Int: 13    God:
Gold:   50         SH:  0    Dex: 15    Spells: 3/3 levels left

rFire   + . .      SeeInvis +    a - +2 dagger
rCold   . . .      Faith    .    (no shield)
rNeg    . . .      Spirit   .    (helmet restricted)
rPois   .          Reflect  .    (no amulet)
rElec   .          Rampage  .    e - ring of flight
rCorr   .                        f - ring of see invisible
Will    .....                    g - ring of protection from fire
Stlth   +++++                    (no ring)
HPRegen 0.24/turn                (no ring)
MPRegen 0.09/turn                (no ring)
                                 (no ring)
                                 (no ring)

@: corroded, flying
A: almost no armour, amphibious, 8 rings, camouflage 1, gelatinous body 1,
nimble swimmer 1, tentacles
a: no special abilities


You were in a sewer.
You visited 1 branch of the dungeon, and saw 3 of its levels.
You also visited: Sewer.

You collected 50 gold pieces.

Inventory:

Hand Weapons
 a - a +2 dagger (weapon)
Missiles
 b - 10 poisoned darts (quivered)
 c - 3 curare-tipped darts
Jewellery
 e - a ring of flight (left tentacle)
 f - a ring of see invisible (right tentacle)
 g - a ring of protection from fire (on tentacle)
Scrolls
 d - a scroll of noise {unknown}
 i - 2 scrolls of identify {unknown}
 l - a scroll of summoning {unknown}
 n - a scroll of teleportation {unknown}
 p - a scroll of enchant armour {unknown}
Potions
 h - a potion of flight {unknown}
 j - a potion of resistance {unknown}
 k - a potion of mutation {unknown}
 m - a potion of curing {unknown}
 o - a potion of invisibility {unknown}


   Skills:
 - Level 2.0 Fighting
 * Level 4.0 Short Blades
 - Level 2.0 Throwing
 + Level 2.4 Dodging
 - Level 5.3 Stealth


You had 3 spell levels left.
You didn't know any spells.
Your spell library contained the following spells:

 Spells                   Type           Power      Damage    Failure   Level
 Ozocubu's Armour         Ice            0%         N/A       67%         3
 Metabolic Englaciation   Hex/Ice        0%         N/A       100%        5
 Simulacrum               Ice/Necr       0%         N/A       100%        6


Dungeon Overview and Level Annotations

Branches:
Dungeon (4/15)              Sewer (1/1)
 Temple: D:4-7

Altars:

Annotations:
D:2 Terence


Innate Abilities, Weirdness & Mutations

You cannot wear most types of armour.
You are amphibious.
You can wear up to eight rings at the same time.
Your skin changes colour to match your surroundings (Stealth+).
Your rubbery body absorbs attacks. (AC +1, EV +1)
You are camouflaged when in or above water. (Stealth+)
You have tentacles for arms and can constrict up to eight enemies at once.


Message History

You impale the giant cockroach!!
You kill the giant cockroach!
An endoplasm comes into view.
Found a gate leading back out of this place.
The helpless endoplasm fails to defend itself.
You spit the endoplasm like a pig!!!
You kill the endoplasm! 2 jellies come into view.
You throw a poisoned dart. The poisoned dart hits the endoplasm.
The endoplasm quivers.
The endoplasm jiggles.
You hit the endoplasm.
The endoplasm is severely wounded.
You hit the endoplasm.
You kill the endoplasm!
No target in view!
No target in view!
b - 10 poisoned darts (gained 1)
Found an embroidered scarf.
You see here a scarf of repulsion.
b - 11 poisoned darts (gained 1)
Found a silvery potion.
You throw a poisoned dart. The poisoned dart hits the jelly.
The jelly quivers.
You barely miss the jelly. You squeeze the jelly.
The jelly is lightly wounded.
The jelly hits you.
You are splashed with acid!
You hit the jelly.
Your tentacles burn!
The jelly is moderately wounded.
The jelly hits you. The acid corrodes you!
You are splashed with acid!
You are too injured to fight recklessly!
You barely miss the jelly.
You squeeze the jelly, but do no damage.
The jelly is moderately wounded.
The jelly jiggles.
The jelly barely misses you. The jelly attacks as you move away!
The jelly hits you.
* * * LOW HITPOINT WARNING * * *
You are splashed with acid!
You die...

#~~~~ ..(.## ...~## #.~~#
#~.# ####.~## ##...~.~##
##∩~..~.J~# ##########
#~~.###~@.# #...~~....
#~.##.##~.#### #~....~...
#..#.[.#....†###..#######
~ #~.~~.##..~.~.##~.#
~..##...##...##~.##.~#
#..~~~~~#.†~##
~.##~.#######
##.~~.....~##
~###~........
###.~~....## ##
#~.~.~..~. ###~..~~~##
##########


You could see a jelly.

Vanquished Creatures
  A river rat (D:4)
  3 worms
  2 dart slugs
  5 ball pythons
  17 endoplasms
  2 giant cockroaches (Sewer)
  3 goblins
  5 hobgoblins
  8 jackals (D:2)
  2 quokkas (D:1)
  6 bats
  2 frilled lizards
  3 kobolds (D:1)
  6 rats
65 creatures vanquished.

Notes
Turn   | Place    | Note
-------+----------+-------------------------------------------
     0 | D:1      | juan097 the Octopode Brigand began the quest for the Orb.
     0 | D:1      | Reached XP level 1. HP: 14/14 MP: 1/1
   167 | D:1      | Reached XP level 2. HP: 19/19 MP: 2/2
   290 | D:1      | Found a faded altar of an unknown god.
   656 | D:1      | Reached XP level 3. HP: 24/24 MP: 3/3
   933 | D:2      | Noticed Terence
  1422 | D:2      | You are sucked into a shaft and drop 2 floors!
  1439 | D:4      | Found a glowing drain.
  1453 | D:4      | Reached XP level 4. HP: 24/29 MP: 4/4
  1516 | Sewer    | Entered a sewer
  1823 | Sewer    | Splashed by a jelly's acid

Illustrated notes

Levels and vault maps discovered:
D:1:      elethiomel_arrival_maze, layout_loops_ring,
          chequers_ecumenical_altar_simple
D:2:      layout_loops_cross, uniq_terence
D:4:      layout_basic, lemuel_zombie_altar_yredelemnul,
          minmay_temple_entry_antechambers, cheibrodos_sewer_entry_sluice,
          uniq_sigmund, uniq_grinder
Sewer:    sewer_hellmonk_slimy_pipes

Skill      XL: |  1  2  3  4 |
---------------+-------------+-----
Short Blades   | 3 4 |  4.0
Dodging        | 2 |  2.4
Fighting       | |  2.0
Throwing       | |  2.0
Stealth        | |  5.3

Action                     |  1- 3 |  4- 6 || total
---------------------------+-------+-------++-------
  Melee: Dagger            |    78 |    40 ||   118
         Constrict         |    15 |     2 ||    17
         Tentacles         |    14 |     9 ||    23
         Punch             |     1 |     1 ||     2
  Throw: Dart              |     8 |     6 ||    14
   Stab: Sleeping          |    20 |     7 ||    27
 Armour: Skin              |     2 |       ||     2
  Dodge: Dodged            |    36 |     6 ||    42

Table legend: (Time is in decaauts)
 A = Elapsed time spent in this place.
 B = Non-inter-level travel time spent in this place.
 C = Inter-level travel time spent in this place.
 D = Time resting spent in this place.
 E = Time spent auto-exploring this place.
 F = Levels seen in this place.
 G = Mean time per level.
                   A        B        C        D        E       F      G
               +--------+--------+--------+--------+--------+-----+--------+
         Total |   1799 |   1799 |      0 |      0 |   1233 |   4 |  449.8 |
       Dungeon |   1501 |   1501 |      0 |      0 |   1118 |   3 |  500.3 |
         Sewer |    298 |    298 |      0 |      0 |    115 |   1 |  298.0 |
               +--------+--------+--------+--------+--------+-----+--------+

Top non-repeatable levels by time:
     D:1: 739 daAuts
     D:2: 668 daAuts
   Sewer: 298 daAuts
     D:4: 92 daAuts
